 Dungeon Crawl Stone Soup version 0.21.1-1-g345015fe64 (webtiles) character file.

24 Gobser the Covered (level 3, -8/23 HPs)
             Began as a Kobold Wanderer on Mar 2, 2018.
             Mangled by Terence
             ... wielding a +0 flail
              (10 damage)
             ... on level 2 of the Dungeon.
             The game lasted 00:03:44 (1018 turns).

Gobser the Covered (Kobold Wanderer)                Turns: 1018, Time: 00:03:45

Health: -8/23      AC:  5    Str:  9    XL:     3   Next: 15%
Magic:  3/3        EV: 12    Int: 13    God:
Gold:   18         SH:  0    Dex: 15    Spells: 2/2 levels left

rFire    . . .     SeeInvis .   a - +2 spear
rCold    . . .     Gourm    .   (shield restricted)
rNeg     . . .     Faith    .   e - +0 ring mail (curse)
rPois    .         Spirit   .   (no helmet)
rElec    .         Reflect  .   (no cloak)
rCorr    .         Harm     .   (no gloves)
MR       .....                  (no boots)
Stlth    +.........             (no amulet)
HPRegen  0.07/turn              (no ring)
MPRegen  0.08/turn              (no ring)

@: no status effects
A: small, carnivore
a: no special abilities


You were on level 2 of the Dungeon.
You were not hungry.

You visited 1 branch of the dungeon, and saw 2 of its levels.

You collected 18 gold pieces.

Inventory:

Hand Weapons
 a - a +2 spear (weapon)
Missiles
 g - 6 tomahawks (quivered)
Armour
 b - a +0 ring mail
 e - a cursed +0 ring mail (worn)
Comestibles
 d - 4 rations


   Skills:
 * Level 3.4 Fighting
 * Level 0.9 Polearms
 + Level 4.3 Armour
 * Level 1.3 Dodging
   Level 1.0 Shields
   Level 1.2 Evocations


You had 2 spell levels left.
You didn't know any spells.

Dungeon Overview and Level Annotations

Branches:
Dungeon (2/15)

Altars:

Annotations:
D:2 Terence


Innate Abilities, Weirdness & Mutations

You are small and have problems with some larger weapons.
You are carnivorous and can eat meat at any time.


Message History

You don't know any spells.
You barely miss Terence.
Terence is severely wounded.
Terence closely misses you.
You hit Terence.
Terence is almost dead.
Terence hits you with a flail!
* * * LOW HITPOINT WARNING * * *
You feel better. Terence hits you with a flail.
* * * LOW HITPOINT WARNING * * *
You aren't carrying any spellbooks or scrolls.
Throwing (i - inventory):
g - 7 tomahawks (quivered)
Press: ? - help, Shift-Dir - straight line, f - Terence
Aim: Terence, wielding a flail and wearing a chain mail (almost dead)
You throw a tomahawk.
The tomahawk hits Terence but does no damage.
Terence is almost dead.
Terence screams, "I want your blood!" Terence hits you with a flail!
You die...

############
#..........#
#..........#
#.....@@...#
+....(%.<..#
#..........#
#.##########
#


You could see Terence.

Vanquished Creatures
  An ooze (D:1)
  A dart slug (D:1)
  A giant cockroach (D:1)
  4 goblins (D:1)
  2 hobgoblins (D:1)
  3 bats (D:1)
  3 frilled lizards
  4 kobolds (D:1)
  A rat (D:1)
20 creatures vanquished.

Notes
Turn   | Place    | Note
-------+----------+-------------------------------------------
     0 | D:1      | Gobser the Kobold Wanderer began the quest for the Orb.
     0 | D:1      | Gobser set off with: a +2 spear, a +0 ring mail, a potion of curing, a ration
     0 | D:1      | Reached XP level 1. HP: 14/14 MP: 1/1
     2 | D:1      | Noticed a halfling
     4 | D:1      | Noticed a centaur
     6 | D:1      | Noticed a spriggan
     8 | D:1      | Noticed a naga
     8 | D:1      | Noticed a tengu
    10 | D:1      | Noticed a demigod
    10 | D:1      | Noticed an ogre
    12 | D:1      | Noticed an octopode
    12 | D:1      | Noticed a draconian
    14 | D:1      | Noticed a formicid
    14 | D:1      | Noticed a vampire
    16 | D:1      | Noticed a demonspawn
    16 | D:1      | Noticed a troll
    18 | D:1      | Noticed a dwarf
    18 | D:1      | Noticed an elf
    20 | D:1      | Noticed a minotaur
    20 | D:1      | Noticed a vine stalker
    22 | D:1      | Noticed a gargoyle
    22 | D:1      | Noticed a merfolk
    24 | D:1      | Noticed a human
    26 | D:1      | Noticed a felid
    26 | D:1      | Noticed a ghoul
   154 | D:1      | Reached XP level 2. HP: 16/19 MP: 2/2
   773 | D:1      | Reached skill level 1 in Dodging
   969 | D:1      | Reached XP level 3. HP: 23/23 MP: 3/3
   995 | D:2      | Noticed Terence
  1015 | D:2      | HP: 1/23 [Terence/flail (8)]
  1018 | D:2      | Mangled by Terence

Skill      XL: |  1  2 |
---------------+-------+-----
Dodging        | 1 |  1.3
Fighting       | |  3.4
Polearms       | |  0.9
Armour         | |  4.3
Shields        | |  1.0
Evocations     | |  1.2

Action                   || total
-------------------------++-------
Melee: Spear             ||    81
Throw: Tomahawk          ||     4
  Use: Potion            ||     2
Armor: Ring mail         ||    26
Dodge: Dodged            ||    41
